Cogmind - Beta 15 @@@ ROGUE MODE // 2025.09.23 @ 14:45:27 Player: YA-B01 Result: Destroyed by Y-72 Warden with Railgun Performance ------------- Evolutions (9) 4500 Regions Visited (29) 5800 Robots Destroyed (278) 1390 Value Destroyed (7247) 7247 Prototype IDs (109) 2180 Alien Tech Used (5) 1000 Bonus (12933) 12933 TOTAL SCORE: 35050 Bonus ------- High Alert Combat Kills 410 Follower Combat Kills 2958 Entered DSFs 500 Network Hubs Disabled 200 Aligned with FarCom 300 Met Imprinter 300 Built Enhanced Grunts 300 Met R17 at Cetus 500 Used Core Reset Matrix 3000 Hacked Protovariant 500 Met R17 at Research 2000 Met Sigix 2000 Friendly Fire -35 Cogmind --------- Core Integrity 0/1600 Matter 224/300 Energy 73/100 System Corruption 4% Temperature Cool (0) Movement Core (50) Location -1/Access Parts ------- > --- POWER (1) -------- (None) > --- PROPULSION (8) --- (None) > --- UTILITY (14) ----- Advanced Signal Interpreter Advanced Terrain Scan Processor Improved Hacking Suite Advanced Hacking Suite > --- WEAPON (2) ------- (None) > --- INVENTORY (5) ---- Authchip [R/Combat] Sigix Containment Pod Peak State ------------ > --- POWER ------------ Light Particle Reactor > --- PROPULSION ------- Impulse Thruster Array Impulse Thruster Array Impulse Thruster Array Impulse Thruster Array > --- UTILITY ---------- Medium Storage Unit Structural Scanner Spectral Analyzer Advanced Signal Interpreter Advanced Terrain Scan Processor ECM Suite Light Regenerative Plating Advanced Thermal Shield Improved Hacking Suite System Shield Improved System Shield Improved System Shield Advanced System Shield Advanced Corruption Screen > --- WEAPON ----------- Fusion Bomb Launcher Longsword +1 > --- INVENTORY -------- Authchip [R/Combat] Authchip [R/Combat] High-powered Transdimensional Reconstructor High-powered Transdimensional Reconstructor Improved Datajack Improved Plasma Cutter Sigix Broadsword Sigix Containment Pod [Rating: 163] Favorites ----------- Power Nuclear Core Engine Ion Engine Power Core Nuclear Core Reactor Light Particle Reactor Propulsion Improved VTOL Module Treads Light Treads Leg Aluminum Leg Wheel Compact Wheel Hover Unit Aerolev Unit Flight Unit Improved VTOL Module Utility Improved System Shield Device Structural Scanner Storage Large Storage Unit Processor Advanced Signal Interpreter Hackware Improved System Shield Protection Improved Light Armor Plating Weapon Longsword +1 Energy Gun Improved EM Shotgun Energy Cannon Firepult Ballistic Gun High-powered Shotgun Ballistic Cannon Bore Cannon Launcher Precision Rocket Launcher Special Weapon Improved Plasma Cutter Slashing Weapon Longsword +1 Special Melee Weapon Improved Datajack Build | -11 -10 -10 -9 -9 -9 -8 -8 -8 -8 -8 -6 -6 -6 -6 -5 -5 -5 -5 -5 -5 -4 -4 -4 -4 -3 -3 -2 -2 -1 ------- Run | Yrd Mat Min Mat Min Exi Min Mat Sto Rec Scr Fac Low Low Zio Pro Fac Ext Cet Arc Hub Fac Was Fac DSF Res Tes Res Qua Acc Slots Evolved 18 | . . . 2 . . . 2 . . . 4 . . . . 2 . . . . 2 . . . 2 . 2 . 2 Power . | . . . . . . . . . . . . . . . . . . . . . . . . . . . . . . Propulsion 6 | . . . 2 . . . . . . . 2 . . . . . . . . . . . . . . . 2 . . Utility 12 | . . . . . . . 2 . . . 2 . . . . 2 . . . . 2 . . . 2 . . . 2 Weapon . | . . . . . . . . . . . . . . . . . . . . . . . . . . . . . . Parts Attached 209 | 6 7 6 34 2 3 . 13 20 2 3 20 . 1 . . 9 6 2 10 1 12 . . 3 15 7 2 7 18 Power 21 | 1 1 2 4 . . . 1 . . . 2 . . . . 1 2 . . 1 2 . . . 2 . . . 2 Engine 10 | 1 1 2 4 . . . . . . . . . . . . . 2 . . . . . . . . . . . . Core 5 | . . . . . . . 1 . . . 2 . . . . 1 . . . 1 . . . . . . . . . Reactor 6 | . . . . . . . . . . . . . . . . . . . . . 2 . . . 2 . . . 2 Propulsion 64 | 2 2 2 17 1 . . 3 10 1 1 6 . . . . 3 1 . . . 3 . . 3 3 1 1 . 4 Treads 6 | 2 . . . . . . . 4 . . . . . . . . . . . . . . . . . . . . . Leg 26 | . . 1 15 1 . . 3 4 1 1 . . . . . . . . . . . . . . . . . . . Wheel 4 | . 2 1 1 . . . . . . . . . . . . . . . . . . . . . . . . . . Hover 1 | . . . . . . . . 1 . . . . . . . . . . . . . . . . . . . . . Flight 27 | . . . 1 . . . . 1 . . 6 . . . . 3 1 . . . 3 . . 3 3 1 1 . 4 Utility 79 | 1 1 2 5 1 1 . 4 3 . 1 10 . 1 . . 4 2 1 6 . 7 . . . 9 3 1 6 10 Device 28 | . 1 1 2 . . . 2 . . . 5 . 1 . . 1 . . . . 4 . . . 4 1 1 1 4 Storage 7 | 1 . 1 1 . 1 . . . . . 1 . . . . . . . . . 1 . . . 1 . . . . Processor 11 | . . . . . . . 1 . . . 1 . . . . 1 . . . . . . . . 2 . . 3 3 Hackware 23 | . . . . . . . . . . . 3 . . . . 2 2 . 6 . 2 . . . 2 1 . 2 3 Protection 10 | . . . 2 1 . . 1 3 . 1 . . . . . . . 1 . . . . . . . 1 . . . Artifact . | . . . . . . . . . . . . . . . . . . . . . . . . . . . . . . Weapon 45 | 2 3 . 8 . 2 . 5 7 1 1 2 . . . . 1 1 1 4 . . . . . 1 3 . 1 2 Energy Gun 13 | 2 1 . 4 . . . 2 3 . . . . . . . . . . . . . . . . . 1 . . . Energy Cannon 4 | . . . . . 1 . . 2 . . . . . . . . . . . . . . . . . 1 . . . Ballistic Gun 9 | . 1 . 3 . . . 3 1 1 . . . . . . . . . . . . . . . . . . . . Ballistic Cannon 1 | . . . . . . . . . . . . . . . . . 1 . . . . . . . . . . . . Launcher 5 | . 1 . . . . . . 1 . . 1 . . . . 1 . . . . . . . . . . . . 1 Special Weapon 1 | . . . . . . . . . . . . . . . . . . 1 . . . . . . . . . . . Impact Weapon . | . . . . . . . . . . . . . . . . . . . . . . . . . . . . . . Slashing Weapon 4 | . . . . . 1 . . . . . . . . . . . . . . . . . . . 1 1 . . 1 Piercing Weapon . | . . . . . . . . . . . . . . . . . . . . . . . . . . . . . . Special Melee Weapon 8 | . . . 1 . . . . . . 1 1 . . . . . . . 4 . . . . . . . . 1 . Unidentified Prototypes 32 | . . 1 4 . 2 . 1 8 . . 1 . . . . 3 1 1 . . . . . . 4 5 . 1 . Parts Lost 68 | . 5 5 3 . . . 1 4 1 . 2 . . . . 2 4 . . . 4 . . . 3 2 1 1 30 Power 9 | . 1 2 . . . . 1 . . . . . . . . 2 1 . . . . . . . . . . . 2 Propulsion 16 | . 2 1 . . . . . 3 . . . . . . . . 1 . . . 1 . . . . . . . 8 Utility 29 | . 1 . . . . . . 1 . . 2 . . . . . 1 . . . 3 . . . 3 2 . 1 15 Weapon 14 | . 1 2 3 . . . . . 1 . . . . . . . 1 . . . . . . . . . 1 . 5 Highest Loss Streak 11 | . 3 5 1 . . . 1 1 1 . 1 . . . . 1 1 . . . 1 . . . 2 2 1 1 11 To Critical Strikes . | . . . . . . . . . . . . . . . . . . . . . . . . . . . . . . Average Backups 10 | 2 6 7 13 14 13 13 13 13 13 13 11 9 8 9 9 8 8 8 8 9 8 8 8 8 8 8 7 7 6 Power . | . . . . 1 . . . . . . 1 1 1 1 1 . . . . . . 2 2 . . . . . . Propulsion 3 | 1 1 . 4 6 5 5 4 5 6 6 1 1 1 1 1 2 1 1 1 1 1 . . . 1 1 . . . Utility 2 | . 1 1 2 1 1 1 1 2 3 4 4 4 3 4 4 2 4 4 4 4 2 1 1 2 3 3 3 2 1 Weapon 3 | . 3 4 6 5 5 6 5 4 3 2 2 1 2 2 2 2 2 2 2 1 2 3 3 3 3 3 3 2 1 Tool/Special . | . . . . . . . . . . . . . . . . . . . . . . . . . . . . . . Unused Backups 45 | . 1 1 16 2 1 . 1 4 . . 5 . 1 . . 4 . . . 1 2 . . 2 . . . 3 1 Power 4 | . 1 . 2 . . . . . . . . . . . . . . . . . . . . 1 . . . . . Propulsion 12 | . . . 4 . . . . 4 . . . . . . . 3 . . . . 1 . . . . . . . . Utility 9 | . . . 2 . . . . . . . 3 . 1 . . . . . . 1 . . . 1 . . . . 1 Weapon 16 | . . 1 8 2 1 . 1 . . . 2 . . . . . . . . . . . . . . . . 1 . Tool/Special 4 | . . . . . . . . . . . . . . . . 1 . . . . 1 . . . . . . 2 . Average Slot Usage (%) 91 | . 92 78 96 100 98 100 96 97 93 96 90 100 100 100 100 95 90 88 98 100 86 84 84 84 82 84 73 80 66 Engine 3 | . 11 8 11 11 11 11 6 . . . . . . . . . 2 5 5 . . . . . . . . . . Core 3 | . . . . . . . 1 9 9 9 5 6 6 6 6 5 2 . . 4 2 . . . . . . . . Treads 2 | . 17 . . . . . . 17 . . . . . . . . . . . . . . . . . . . . . Leg 16 | . . 8 42 44 44 44 36 16 36 36 . . . . . . . . . . . . . . . . . . . Wheel 1 | . 8 18 1 . . . . . . . . . . . . . . . . . . . . . . . . . . Flight 12 | . . . . . . . . . . . 39 40 40 40 40 30 31 35 35 35 22 21 21 16 14 14 17 17 11 Device 7 | . 11 . 4 . . . 3 . . . 13 20 20 20 20 17 9 5 5 5 13 15 15 15 12 13 11 11 5 Storage 7 | . 14 13 11 11 11 11 9 9 9 9 6 6 6 6 6 5 5 5 5 5 5 5 5 5 4 4 4 4 3 Processor 6 | . . . . . . . 5 9 9 9 6 6 6 6 6 11 11 8 5 5 5 5 5 5 8 9 8 9 15 Hackware 8 | . . . . . . . . . . . 6 6 6 6 6 10 14 23 28 29 24 26 26 26 27 25 17 20 19 Protection 6 | . . . 4 11 10 11 15 17 18 18 . . . . . . . . . . . . . . . 1 4 4 3 Energy Gun 4 | . 25 9 10 11 10 11 8 7 3 . . . . . . . . . . . . . . . . . . . . Ballistic Gun 4 | . 1 14 10 11 10 11 8 8 3 . . . . . . . . . . . . . . . . . . . . Slashing Weapon 2 | . . . . . . . . 1 . 6 5 6 6 6 6 5 4 2 4 5 4 5 5 5 4 3 4 4 3 Special Melee Weapon 1 | . . . . . . . . . . 6 3 5 6 6 6 4 . . 4 4 1 . . 4 4 4 1 2 . Peak Build Rating 163 | 6 8 18 21 18 30 20 34 36 46 47 63 62 64 64 64 86 81 82 83 84 113 96 96 118 139 140 144 156 163 Average Rating 57 | 5 6 6 17 17 18 20 27 31 41 40 56 59 61 63 60 78 73 65 80 83 96 96 96 112 130 131 138 144 128 On Entrance 62 | . 6 6 8 17 18 20 20 34 33 46 38 59 59 64 60 64 79 71 59 83 82 96 96 96 118 130 129 137 150 Naked Turns . | . . . . . . . . . . . . . . . . . . . . . . . . . . . . . . Heaviest Build 57 | 14 15 26 41 36 36 36 42 42 55 57 30 25 27 27 27 30 42 21 20 28 39 30 30 31 33 36 36 36 49 Greatest Support 80 | 40 40 32 40 40 40 40 53 80 56 56 30 30 30 30 30 33 33 31 31 31 39 37 37 48 48 48 64 64 64 Greatest Overweight (x) 9 | . . 1 1 . . . 1 1 1 1 9 . . 1 . . 9 . . . 1 . . . . . . . 3 Average Overweight (x) . | . . . . . . . . . . . . . . . . . . . . . . . . . . . . . . Largest Inventory Capacity 15 | 8 8 15 15 15 15 15 15 15 15 15 15 10 10 10 10 10 10 10 10 10 10 10 10 10 10 10 10 10 10 Average Capacity 12 | 7 8 9 15 15 15 15 15 15 15 15 12 10 10 10 10 10 10 10 10 10 10 10 10 10 10 10 10 10 9 Most Carried 15 | 6 8 13 15 15 15 15 15 15 15 15 15 10 10 10 10 10 10 10 10 10 10 9 9 10 10 10 8 10 10 Average Carried 12 | 2 6 8 14 15 14 15 14 14 14 14 12 9 9 10 10 9 9 9 9 10 9 9 9 9 10 10 8 9 8 Final Capacity 15 | 8 8 15 15 15 15 15 15 15 15 15 10 10 10 10 10 10 10 10 10 10 10 10 10 10 10 10 10 10 5 Final Carried 15 | 6 6 13 15 15 15 15 15 15 15 15 10 10 10 10 10 10 10 10 10 10 9 9 9 10 10 10 8 10 3 Class Distribution -------------------- 26% | Mutant 20% | Scavenger-Mutant 10% | Wizard-Ninja 7% | Commander-Mutant 4% | Infiltrator-Ninja 4% | Commander-Sprinter 4% | Wizard-Mutant 3% | Wizard-Sprinter 3% | Hacker-Ninja Dominant Class ---------------- Mutant | -10/Materials Mutant | -10/Mines Scavenger-Mutant | -9/Materials Mutant | -9/Mines Mutant | -9/Exiles Scavenger-Mutant | -8/Mines Mutant | -8/Materials Mutant | -8/Storage Mutant | -8/Recycling Commander-Mutant | -8/Scraptown Infiltrator-Ninja | -6/Factory Infiltrator-Ninja | -6/Lower Caves Scout | -6/Lower Caves Scout | -6/Zion Infiltrator-Ninja | -5/Proximity Caves Hacker-Scout | -5/Factory Hacker-Sprinter | -5/Extension Commander-Sprinter | -5/Cetus Wizard-Sprinter | -5/Archives Wizard-Sprinter | -5/Hub_04(d) Wizard-Sprinter | -4/Factory Wizard-Sprinter | -4/Waste Wizard-Sprinter | -4/Factory Wizard-Mutant | -4/DSF Wizard-Ninja | -3/Research Wizard-Ninja | -3/Testing Hacker-Ninja | -2/Research Wizard-Ninja | -2/Quarantine Wizard-Mutant | -1/Access Resources | -11 -10 -10 -9 -9 -9 -8 -8 -8 -8 -8 -6 -6 -6 -6 -5 -5 -5 -5 -5 -5 -4 -4 -4 -4 -3 -3 -2 -2 -1 ----------- Run | Yrd Mat Min Mat Min Exi Min Mat Sto Rec Scr Fac Low Low Zio Pro Fac Ext Cet Arc Hub Fac Was Fac DSF Res Tes Res Qua Acc Matter Collected 4955 | 255 65 215 995 108 . 122 242 647 51 40 315 22 75 . 60 277 331 70 120 . 213 62 . 40 205 90 50 91 194 Remotely . | . . . . . . . . . . . . . . . . . . . . . . . . . . . . . . Salvage Created 11510 | 178 688 190 2748 508 . 207 276 1627 542 . 447 . 104 . . 288 1275 61 316 38 490 . . 118 586 293 60 113 357 Parts 593 | 11 30 22 130 27 . 22 17 87 22 . 19 . 5 . . 9 56 1 30 2 29 . . 3 17 19 5 13 17 Haulers Intercepted 22 | . 2 . 6 . . . . 6 . . 1 . . . . . . . . . . . . 1 5 . . . 1 Recyclers Shooed 25 | . 3 1 9 3 . 1 . 2 4 . . . . . . 1 . . . . . . . . . 1 . . . Parts Field Recycled . | . . . . . . . . . . . . . . . . . . . . . . . . . . . . . . Retrieved Matter . | . . . . . . . . . . . . . . . . . . . . . . . . . . . . . . Parts Self-Destructed 5 | . . . . . . . . . . . . . 5 . . . . . . . . . . . . . . . . Prevented 4 | . . . . . . . . . . . . . 2 . 2 . . . . . . . . . . . . . . Kills | -11 -10 -10 -9 -9 -9 -8 -8 -8 -8 -8 -6 -6 -6 -6 -5 -5 -5 -5 -5 -5 -4 -4 -4 -4 -3 -3 -2 -2 -1 ------- Run | Yrd Mat Min Mat Min Exi Min Mat Sto Rec Scr Fac Low Low Zio Pro Fac Ext Cet Arc Hub Fac Was Fac DSF Res Tes Res Qua Acc Combat Hostiles Destroyed 143 | . 6 11 41 12 . 8 7 21 3 . . . 1 . . . 13 1 . . 8 . . 1 . . . . 10 Melee 16 | . . . . . . . . 1 1 . . . 1 . . . 7 . . . 2 . . 1 . . . . 3 Guns 91 | . 6 4 37 12 . 8 7 16 1 . . . . . . . . . . . . . . . . . . . . AOE 35 | . . 7 4 . . . . 4 1 . . . . . . . 6 . . . 6 . . . . . . . 7 Classes Destroyed 17 | 2 5 1 4 . . . . . . . . . 1 . . . 1 . . . 1 . . 1 . 1 . . . Worker 9 | . 2 . . 1 . . . 4 . . . . . . . 1 . . . 1 . . . . . . . . . Builder 18 | . 1 1 . . . . . 1 1 . 1 . . . . . 5 . . 1 . . . . 1 3 1 1 1 Tunneler 4 | 4 . . . . . . . . . . . . . . . . . . . . . . . . . . . . . Hauler 22 | . 2 . 6 . . . . 6 . . 1 . . . . . . . . . . . . 1 5 . . . 1 Recycler 35 | 1 3 . 9 2 . 1 . 4 5 . 2 . . . . 1 5 . . . 1 . . . . 1 . . . Minesweeper 2 | . . . . . . . . . . . . . 2 . . . . . . . . . . . . . . . . Mechanic 2 | . . . 1 . . . . 1 . . . . . . . . . . . . . . . . . . . . . Operator 20 | . . . 1 . . . . 3 . . 1 . . . . 1 1 . 9 . 1 . . . 1 1 . 1 . Watcher 20 | . 1 . 4 . . . . 2 . . 3 . . . . 3 1 . . . 4 . . . . . 1 . 1 Swarmer 61 | . . 8 6 7 . 8 2 7 . . . . . . . . 8 . . . 6 . . . . . . . 9 Cutter 1 | . . . . . . . . . . . . . . . . . . . . . . . . 1 . . . . . Grunt 48 | . 6 3 22 5 . . 1 10 . . . . 1 . . . . . . . . . . . . . . . . Brawler 3 | . . . 3 . . . . . . . . . . . . . . . . . . . . . . . . . . Researcher 2 | . . . . . . . . . . . . . . . . . . . . . . . . . . 1 . 1 . Sentry 26 | . . . 10 . . . 4 5 3 . . . . . . . 4 . . . . . . . . . . . . Programmer 3 | . . . . . . . . . . . . . . . . . . . . . 2 . . . . . . . 1 Cetus Guard 1 | . . . . . . . . . . . . . . . . . . 1 . . . . . . . . . . . Guerrilla 1 | . . . . . . . . . . . . . . . . . 1 . . . . . . . . . . . . Best Kill Streak 7 | 5 5 3 6 6 . 5 2 4 4 . 2 . 1 . . 2 5 1 7 2 5 . . 1 1 2 2 1 6 Combat Bots Only 6 | . 2 3 6 4 . 4 2 4 2 . . . 1 . . . 3 1 . . 4 . . 1 . . . . 6 Max Kills in Single Turn 3 | 1 2 3 2 3 . 2 1 2 2 . 1 . 1 . . 1 3 1 1 2 2 . . 1 1 1 1 1 3 Gunslinging 1 | . . . 1 1 . 1 . . . . . . . . . . . . . . . . . . . . . . . Exploded 3 | . . 3 1 . . . . 1 1 . . . . . . . 3 . . . 2 . . . . . . . 3 Melee 1 | . . . . . . . . 1 1 . . . 1 . . . 1 . . . 1 . . 1 . . . . 1 Uniques/NPCs Destroyed . | . . . . . . . . . . . . . . . . . . . . . . . . . . . . . . Combat | -11 -10 -10 -9 -9 -9 -8 -8 -8 -8 -8 -6 -6 -6 -6 -5 -5 -5 -5 -5 -5 -4 -4 -4 -4 -3 -3 -2 -2 -1 -------- Run | Yrd Mat Min Mat Min Exi Min Mat Sto Rec Scr Fac Low Low Zio Pro Fac Ext Cet Arc Hub Fac Was Fac DSF Res Tes Res Qua Acc Hostile Shots Fired 1039 | . 54 48 113 27 . 25 20 83 6 . 8 8 6 . 9 11 46 2 4 7 94 . . 1 14 27 8 24 394 Missed 429 | . 3 22 36 8 . 7 3 20 . . 2 4 4 . 8 7 21 1 2 6 59 . . 1 5 15 4 13 178 Hits 610 | . 51 26 77 19 . 18 17 63 6 . 6 4 2 . 1 4 25 1 2 1 35 . . . 9 12 4 11 216 Melee 1 | . . . . . . . . . . . . 1 . . . . . . . . . . . . . . . . . Projectile 609 | . 51 26 77 19 . 18 17 63 6 . 6 3 2 . 1 4 25 1 2 1 35 . . . 9 12 4 11 216 AOE 3 | . 2 . . . . . . . . . . . . . . . . . . . . . . 1 . . . . . Critical Strikes 34 | . . 1 2 . . . . 4 1 . . . . . . 1 2 . 1 . 2 . . . 1 1 . . 18 Part Disruptions 1 | . . . . . . . . . . . . . . . . . . . . . . . . . . . . . 1 Damage Taken 10918 | . 812 277 1045 196 . 142 240 1079 137 . 150 96 48 . 23 88 469 67 72 128 678 . . 32 317 233 86 221 4282 Core 2668 | . 203 10 82 18 . 7 . 134 15 . 77 40 5 . . 24 141 22 26 67 138 . . . 59 47 . 19 1534 Absorbed by Shields 21 | . . . . . . . . . . . . . . . . . 21 . . . . . . . . . . . . Redirected to Shielding 4 | . . . . 4 . . . . . . . . . . . . . . . . . . . . . . . . . Ignored by Resistances 15 | . . . . . . . . . . . . . . . . . . . . . . . . . . . . . 15 Regen/Repaired (Parts) 746 | . . . . . . . . . . 291 13 . . . . 52 . . . . 34 43 . 16 23 47 11 46 170 Core Remaining (%) 76 | 100 . 14 . . . 73 . . . 72 . . . . 85 . . . . 72 . . . 88 . 91 . 92 . Volleys Fired 433 | 6 61 32 153 23 . 13 20 84 9 . . 2 . . . . 19 2 . 2 3 . . . . . . . 4 Largest 2 | 2 2 2 2 2 . 2 2 2 2 . . 1 . . . . 1 1 . 1 1 . . . . . . . 1 Hottest 250 | 100 100 70 70 70 . 70 75 75 250 . . 43 . . . . 250 250 . 43 43 . . . . . . . 52 Shots Fired 776 | 12 117 53 276 46 . 26 40 161 13 . . 2 . . . . 19 2 . 2 3 . . . . . . . 4 Gun 728 | 12 113 46 276 46 . 26 40 161 8 . . . . . . . . . . . . . . . . . . . . Cannon 22 | . . . . . . . . . 5 . . . . . . . 15 2 . . . . . . . . . . . Launcher 26 | . 4 7 . . . . . . . . . 2 . . . . 4 . . 2 3 . . . . . . . 4 Special . | . . . . . . . . . . . . . . . . . . . . . . . . . . . . . . Kinetic 339 | . 3 25 153 23 . 13 20 84 4 . . . . . . . 14 . . . . . . . . . . . . Thermal 153 | 12 110 21 2 . . . . . 5 . . . . . . . 1 2 . . . . . . . . . . . Explosive 26 | . 4 7 . . . . . . . . . 2 . . . . 4 . . 2 3 . . . . . . . 4 Electromagnetic 258 | . . . 121 23 . 13 20 77 4 . . . . . . . . . . . . . . . . . . . . Robot Hit Streak 15 | 6 10 5 15 7 . 4 10 8 12 . . . . . . . 3 2 . . 2 . . . . . . . 3 Robot Miss Streak 9 | 1 5 4 7 2 . 9 3 9 3 . . . . . . . . 1 . . . . . . . . . . 1 Penetration Max . | . . . . . . . . . . . . . . . . . . . . . . . . . . . . . . Secondary Targets 10 | . . 1 2 3 . 3 . 1 . . . . . . . . . . . . . . . . . . . . . Max Gunslinging Chain 1 | . . 1 1 1 . 1 . 1 . . . . . . . . . . . . . . . . . . . . . Shots Hit Robots 674 | 9 68 26 212 34 . 16 26 122 10 1 16 . 3 . . 11 34 2 13 . 18 . . 3 21 12 2 3 12 Core Hits 418 | 6 28 18 113 25 . 11 15 78 12 . 7 . 2 . . 4 23 9 6 3 22 . . 2 8 5 1 3 17 Critical Kills 3 | . . . 2 . . 1 . . . . . . . . . . . . . . . . . . . . . . . Critical Parts Destroyed 2 | . . . 1 . . . . . . . . . . . . . 1 . . . . . . . . . . . . Critical Strikes 18 | . 4 . 4 . . 1 . . . . . . . . . . 2 . . . 1 . . . 6 . . . . Burn 4 | . 4 . . . . . . . . . . . . . . . . . . . . . . . . . . . . Destroy 6 | . . . 4 . . 1 . . . . . . . . . . 1 . . . . . . . . . . . . Sever 8 | . . . . . . . . . . . . . . . . . 1 . . . 1 . . . 6 . . . . Melee Attacks 461 | . . . . . . . 1 12 1 1 57 . 6 1 5 63 40 1 21 6 55 . . 18 47 44 4 28 50 Impact . | . . . . . . . . . . . . . . . . . . . . . . . . . . . . . . Slashing 442 | . . . . . . . 1 12 1 . 50 . 6 1 5 63 36 1 21 6 55 . . 18 47 40 4 28 47 Piercing . | . . . . . . . . . . . . . . . . . . . . . . . . . . . . . . Sneak Attacks 68 | . . . . . . . . 1 . 1 9 . 3 . . 2 15 . 9 . 2 . . 1 7 10 1 3 4 Combat Hostiles 2 | . . . . . . . . . . . . . 1 . . . 1 . . . . . . . . . . . . Follow-up Attacks . | . . . . . . . . . . . . . . . . . . . . . . . . . . . . . . Damage Inflicted 24543 | 116 900 767 3886 599 . 261 516 2903 482 . 875 92 312 . . 763 2754 578 1378 405 2203 . . 184 1334 712 153 372 1998 Guns 8276 | 114 893 329 3465 561 . 242 500 2062 110 . . . . . . . . . . . . . . . . . . . . Cannons 180 | . . . . . . . . . 29 . . . . . . . 36 115 . . . . . . . . . . . Explosions 5959 | . . 438 365 . . . . 574 224 . . 92 . . . . 627 463 . 405 1200 . . . . . . . 1571 Melee 9852 | . . . . . . . . 192 56 . 875 . 312 . . 763 2091 . 1378 . 1003 . . 184 1334 712 153 372 427 Ramming 276 | 2 7 . 56 38 . 19 16 75 63 . . . . . . . . . . . . . . . . . . . . Kinetic 3895 | . 26 205 1863 264 . 123 335 999 44 . . . . . . . 36 . . . . . . . . . . . . Thermal 3379 | 114 867 161 389 . . . . 574 253 . . . . . . . . 578 . . 443 . . . . . . . . Explosive 3181 | . . 401 . . . . . . . . . 92 . . . . 627 . . . 490 . . . . . . . 1571 Electromagnetic 3960 | . . . 1578 297 . 119 165 1063 66 . . . . . . . . . . 405 267 . . . . . . . . Impact . | . . . . . . . . . . . . . . . . . . . . . . . . . . . . . . Slashing 9852 | . . . . . . . . 192 56 . 875 . 312 . . 763 2091 . 1378 . 1003 . . 184 1334 712 153 372 427 Piercing . | . . . . . . . . . . . . . . . . . . . . . . . . . . . . . . Highest Corruption 4 | . . . . . . . . . . . . . 1 1 . . . . . 1 . . . . . 2 . . 4 Average Corruption 1 | . . . . . . . . . . . . . 1 1 . . . . . 1 . . . . . 1 . . 2 Corruption Purged . | . . . . . . . . . . . . . . . . . . . . . . . . . . . . . . Corruption Blocked 10 | . . . . . . . . . . . . . . . . . . . . . . . . . . . . . 10 Effects 3 | . . . . . . . . . . . . . 1 . . . . . . . . . . . . 1 . . 1 Message Errors 1 | . . . . . . . . . . . . . . . . . . . . . . . . . . 1 . . . Matter Fused 1 | . . . . . . . . . . . . . 1 . . . . . . . . . . . . . . . . Energy Discharges 1 | . . . . . . . . . . . . . . . . . . . . . . . . . . . . . 1 Overload Shots . | . . . . . . . . . . . . . . . . . . . . . . . . . . . . . . Overflow Damage 2060 | . . 36 13 . . . . 53 18 . 125 . 46 . . 260 425 . 486 1 156 . . 24 25 141 45 . 206 Projectiles . | . . . . . . . . . . . . . . . . . . . . . . . . . . . . . . Explosions 373 | . . 36 13 . . . . 41 18 . . . . . . . 23 . . 1 45 . . . . . . . 196 Melee 1687 | . . . . . . . . 12 . . 125 . 46 . . 260 402 . 486 . 111 . . 24 25 141 45 . 10 Knockbacks 4 | . . . . . . 1 1 1 1 . . . . . . . . . . . . . . . . . . . . Impact 4 | . . . . . . 1 1 1 1 . . . . . . . . . . . . . . . . . . . . Kinetic . | . . . . . . . . . . . . . . . . . . . . . . . . . . . . . . Secondary . | . . . . . . . . . . . . . . . . . . . . . . . . . . . . . . Self-Inflicted Damage 508 | . 16 . 109 . . . . 184 48 . . 42 . . . . . . . 109 . . . . . . . . . Shots 15 | . 1 . 4 . . . . 6 1 . . 1 . . . . . . . 2 . . . . . . . . . Rammed 13 | 1 2 . . . . . . 10 . . . . . . . . . . . . . . . . . . . . . Targets Rammed 51 | 1 2 . 15 5 . 2 4 15 7 . . . . . . . . . . . . . . . . . . . . Kicked 38 | . . . 15 5 . 2 4 5 7 . . . . . . . . . . . . . . . . . . . . Crushed . | . . . . . . . . . . . . . . . . . . . . . . . . . . . . . . Highest Temperature 454 | 234 454 40 66 30 . 75 96 350 367 . 161 238 210 310 175 50 198 192 5 32 . . . . . . . . . Average Temperature 67 | 118 187 13 17 14 . 34 39 58 118 . 38 102 64 116 41 17 17 52 2 10 . . . . . . . . . Received Heat Transfer 1914 | . 348 123 411 75 . . 81 396 45 . . . 18 . . 45 126 18 . 9 39 . . . 18 . 18 18 126 Effects 12 | . 8 . . . . . . 1 2 . . . . 1 . . . . . . . . . . . . . . . Shutdowns 2 | . 1 . . . . . . 1 . . . . . . . . . . . . . . . . . . . . . Energy Bleed 5 | . 4 . . . . . . . 1 . . . . . . . . . . . . . . . . . . . . Interference 3 | . 3 . . . . . . . . . . . . . . . . . . . . . . . . . . . . Short Circuit 1 | . . . . . . . . . 1 . . . . . . . . . . . . . . . . . . . . Damage (minor) 1 | . . . . . . . . . . . . . . 1 . . . . . . . . . . . . . . . Siege Activations . | . . . . . . . . . . . . . . . . . . . . . . . . . . . . . . Martial Activations . | . . . . . . . . . . . . . . . . . . . . . . . . . . . . . . Shielding Activations . | . . . . . . . . . . . . . . . . . . . . . . . . . . . . . . Robots Disrupted 2 | . . . . . . . . 1 . . . . . . . . . . . . 1 . . . . . . . . Combat Hostiles 2 | . . . . . . . . 1 . . . . . . . . . . . . 1 . . . . . . . . Robots Corrupted 1 | . . . . . . . . . 1 . . . . . . . . . . . . . . . . . . . . Combat Hostiles . | . . . . . . . . . . . . . . . . . . . . . . . . . . . . . . Parts Fried 8 | . . . 2 . . . . . 3 . . . . . . . . . . 3 . . . . . . . . . Impact Corruptions 1 | . . . . . . . . . 1 . . . . . . . . . . . . . . . . . . . . Robots Melted 1 | . . . . . . . . . . . . . . . . . . 1 . . . . . . . . . . . Combat Hostiles 1 | . . . . . . . . . . . . . . . . . . 1 . . . . . . . . . . . Parts Melted 17 | 2 8 1 . . . . . . . . . . . . . . . 6 . . . . . . . . . . . Heat Transferred 8474 | 333 2731 325 500 . . . . 600 1170 . . . . . . . . 2640 . . 175 . . . . . . . . Parts Sabotaged . | . . . . . . . . . . . . . . . . . . . . . . . . . . . . . . Parts Stolen . | . . . . . . . . . . . . . . . . . . . . . . . . . . . . . . Parts Stripped . | . . . . . . . . . . . . . . . . . . . . . . . . . . . . . . Power Chain Reactions 20 | . . . 7 . . . . 11 1 . . . . . . . . . . . . . . . . . . . 1 Alert | -11 -10 -10 -9 -9 -9 -8 -8 -8 -8 -8 -6 -6 -6 -6 -5 -5 -5 -5 -5 -5 -4 -4 -4 -4 -3 -3 -2 -2 -1 ------- Run | Yrd Mat Min Mat Min Exi Min Mat Sto Rec Scr Fac Low Low Zio Pro Fac Ext Cet Arc Hub Fac Was Fac DSF Res Tes Res Qua Acc Maximum Alert Level 3 | . . . 3 2 . . . 1 . . . . . . . . 3 3 2 2 3 1 . 2 3 . . . 2 Low Security (%) 55 | 100 100 100 23 . . 100 100 60 100 . 100 . . . . 100 37 . . 31 14 . 100 38 21 100 100 100 13 Level 1 24 | . . . 27 67 . . . 39 . . . . . . . . 47 4 27 59 13 100 . 33 73 . . . 39 Level 2 11 | . . . 14 32 . . . . . . . . . . . . 12 66 72 9 60 . . 28 1 . . . 47 Level 3 7 | . . . 34 . . . . . . . . . . . . . 2 29 . . 11 . . . 3 . . . . Level 4 . | . . . . . . . . . . . . . . . . . . . . . . . . . . . . . . Level 5 . | . . . . . . . . . . . . . . . . . . . . . . . . . . . . . . High Security . | . . . . . . . . . . . . . . . . . . . . . . . . . . . . . . Max Security . | . . . . . . . . . . . . . . . . . . . . . . . . . . . . . . Sterilizations 1 | . . . . . . . . . . . . . . . . . . . . . . . . 1 . . . . . Peak Influence 877 | 15 85 178 877 456 . 165 104 335 121 . 166 . . . . 96 726 751 487 589 743 255 150 517 788 137 115 42 614 Initial 403 | . 3 31 39 329 . . 40 43 121 . . . . . . . 42 403 268 163 288 255 150 105 290 87 45 42 2 Average 228 | 3 20 125 444 373 . 47 21 150 37 . 93 . . . . 18 269 629 405 267 482 235 150 281 276 88 82 15 374 Influence Increases 13725 | 25 279 392 1467 372 . 185 269 899 328 . 584 . 240 . . 477 1562 538 329 466 1103 . . 522 1459 349 111 202 1567 Destroy 0b10 Robot/C 4380 | . 120 220 820 240 . 160 140 420 60 . 80 . 20 . . 40 640 220 80 60 180 . . 200 380 60 . 20 220 Destroy 0b10 Robot/NC 705 | 25 45 5 105 15 . 5 . 105 30 . 40 . 10 . . 30 70 10 45 10 30 . . 10 50 30 10 10 15 Destroy Leader 860 | . 36 50 240 40 . 20 40 116 . . 28 . . . . 16 66 10 . 10 28 . . 30 82 12 2 . 34 Allied During Kill 1307 | . . . . . . . . . . . 26 . . . . . 379 240 125 16 . . . 240 261 20 . . . Trap Triggered on 0b10 80 | . . . 10 . . . . . . . . . . . . 10 40 . . . . . . . . 20 . . . Successful Hack 760 | . 9 . 34 . . . 14 17 7 . 107 . . . . 84 39 . . 4 71 . . . 55 63 63 16 177 Select Force Hacks 470 | . . . 60 . . . . . 180 . . . . . . 60 . . . . . . . . 120 . . . 50 Disable Machine 990 | . . 30 15 75 . . 15 120 15 . 45 . . . . 15 15 30 60 45 195 . . . 90 75 . 75 75 Destroy Structure 1818 | . 24 42 33 2 . . . 46 36 . 63 . . . . 102 148 28 4 216 284 . . 42 346 54 6 51 291 Partial Spotted 690 | . . . 15 . . . . . . . 120 . . . . 90 30 . 15 90 135 . . . 75 15 30 30 45 Lose Combat Pursuer 1665 | . 45 45 135 . . . 60 75 . . 75 . 210 . . 30 135 . . 15 180 . . . . . . . 660 Influence Decreases 13114 | 20 203 370 724 843 375 80 270 691 640 . 528 56 95 145 . 391 928 587 533 344 961 516 65 155 1819 424 117 273 961 Entered New Map 3817 | . 2 50 64 517 375 . 65 61 191 . . 21 . 145 . . 44 317 403 304 301 476 65 45 227 70 37 34 3 Time Decay 6105 | 20 161 270 630 326 . 80 185 590 439 . 388 35 95 . . 326 404 190 70 40 350 40 . . 502 294 70 232 368 Search Patrol Dispatched 150 | . . . . . . . . . . . . . . . . . . . . . . . . . . . . . 150 Lost Part 647 | . 40 50 30 . . . 10 40 10 . 20 . . . . . 40 . . . 40 . . . 30 20 10 7 300 Lost Ally 1195 | . . . . . . . 10 . . . 120 . . . . 65 140 80 60 . 120 . . 110 310 40 . . 140 Purge Threat 1200 | . . . . . . . . . . . . . . . . . 300 . . . 150 . . . 750 . . . . Squads Dispatched 67 | . 3 . 8 . . . . 2 . . 9 . . . . 4 . 1 . 1 6 . . 2 10 7 . 5 9 Investigation 21 | . . . 3 . . . . . . . 4 . . . . 2 . 1 . 1 1 . . . 7 1 . . 1 Extermination 16 | . . . . . . . . . . . 3 . . . . 2 . . . . 2 . . . . 2 . 2 5 Reinforcement 25 | . 3 . 3 . . . . 2 . . 2 . . . . . . . . . 1 . . 2 3 3 . 3 3 Assault 5 | . . . 2 . . . . . . . . . . . . . . . . . 2 . . . . 1 . . . Garrison . | . . . . . . . . . . . . . . . . . . . . . . . . . . . . . . Intercept . | . . . . . . . . . . . . . . . . . . . . . . . . . . . . . . Searches Triggered 1 | . . . . . . . . . . . . . . . . . . . . . . . . . . . . . 1 Construction Impeded 1 | . . . 1 . . . . . . . . . . . . . . . . . . . . . . . . . . Haulers Reinforced 3 | . . . . . . . . . . . 1 . . . . . . . . . . . . . 1 1 . . . Active Scanning Responses . | . . . . . . . . . . . . . . . . . . . . . . . . . . . . . . Cargo Convoy Interrupts . | . . . . . . . . . . . . . . . . . . . . . . . . . . . . . . Stealth | -11 -10 -10 -9 -9 -9 -8 -8 -8 -8 -8 -6 -6 -6 -6 -5 -5 -5 -5 -5 -5 -4 -4 -4 -4 -3 -3 -2 -2 -1 --------- Run | Yrd Mat Min Mat Min Exi Min Mat Sto Rec Scr Fac Low Low Zio Pro Fac Ext Cet Arc Hub Fac Was Fac DSF Res Tes Res Qua Acc Distress Signals 35 | . 2 . 3 1 . . 2 2 . . 1 . . . . 2 1 2 . 4 4 . . . 2 4 . 1 4 Communications Jammed . | . . . . . . . . . . . . . . . . . . . . . . . . . . . . . . Distress Signals . | . . . . . . . . . . . . . . . . . . . . . . . . . . . . . . Times Spotted 528 | . 15 15 63 12 . 8 13 33 3 . 11 6 11 . 3 21 37 13 7 10 55 . . 12 19 28 5 27 101 Peak Tracking Total 18 | . 5 3 7 4 . 4 5 5 2 . 3 3 7 . 2 6 6 5 3 6 13 . . 5 6 11 2 9 18 Tactical Retreats 95 | . 2 2 6 . . . 3 4 . . 4 . 6 . 1 7 5 . . 1 13 . . 1 4 8 2 6 20 Traps | -11 -10 -10 -9 -9 -9 -8 -8 -8 -8 -8 -6 -6 -6 -6 -5 -5 -5 -5 -5 -5 -4 -4 -4 -4 -3 -3 -2 -2 -1 ------- Run | Yrd Mat Min Mat Min Exi Min Mat Sto Rec Scr Fac Low Low Zio Pro Fac Ext Cet Arc Hub Fac Was Fac DSF Res Tes Res Qua Acc Traps Triggered 15 | . . . 1 . . . . 2 . . 4 . . . . 1 1 . . . 2 . . 2 1 . . . 1 Indirectly . | . . . . . . . . . . . . . . . . . . . . . . . . . . . . . . Trap Hack Attempts 111 | . . . 11 . . . . . . . . . 18 . . 51 1 . . . 9 . . . 7 14 . . . Triggered . | . . . . . . . . . . . . . . . . . . . . . . . . . . . . . . Disarmed 12 | . . . . . . . . . . . . . . . . 2 . . . . 1 . . . 4 5 . . . Reprogrammed 16 | . . . 1 . . . . . . . . . 1 . . 8 1 . . . 2 . . . . 3 . . . Reused 14 | . . . 1 . . . . . . . . . 3 . 3 1 4 . . . . . . . . 2 . . . Traps Extracted 7 | . . . . . . . . . . . . . 1 . . 6 . . . . . . . . . . . . . Installed 16 | . . . . 4 . . . . . . . . 3 . 3 2 4 . . . . . . . . . . . . Triggered 14 | . . . 1 . . . . . . . . . 3 . 3 1 4 . . . . . . . . 2 . . . Most Traps Carried 6 | . . . . . . . . . . . . . 5 5 5 6 6 2 2 2 2 2 2 2 2 2 2 2 . Objects Rigged 29 | . . . . . . . . . . . . . . . . . . . . . 24 . . . . . . . 5 Exploded 8 | . . . . . . . . . . . . . . . . . . . . . 6 . . . . . . . 2 Machines | -11 -10 -10 -9 -9 -9 -8 -8 -8 -8 -8 -6 -6 -6 -6 -5 -5 -5 -5 -5 -5 -4 -4 -4 -4 -3 -3 -2 -2 -1 ---------- Run | Yrd Mat Min Mat Min Exi Min Mat Sto Rec Scr Fac Low Low Zio Pro Fac Ext Cet Arc Hub Fac Was Fac DSF Res Tes Res Qua Acc Machines Disabled 69 | . . 2 1 5 . . 1 8 1 . 3 . . . . 1 4 2 4 3 13 . . . 6 5 . 5 5 Max in Single Turn 5 | . . 1 1 3 . . 1 2 1 . 1 . . . . 1 1 1 1 2 5 . . . 1 1 . 1 1 Garrison Access 16 | . . . . . . . . 1 . . 4 . . . . 3 . . . 1 2 . . . 3 1 . 1 . Network Hub 1 | . . . . . . . . . . . . . . . . . . . . 1 . . . . . . . . . Machines Repaired . | . . . . . . . . . . . . . . . . . . . . . . . . . . . . . . Machines Dismantled 3 | . . . . . . . . . . . . . . . . . . 1 . . . . . . . . . 2 . Machines Sabotaged . | . . . . . . . . . . . . . . . . . . . . . . . . . . . . . . Overloaded Fab Kills . | . . . . . . . . . . . . . . . . . . . . . . . . . . . . . . Hacking | -11 -10 -10 -9 -9 -9 -8 -8 -8 -8 -8 -6 -6 -6 -6 -5 -5 -5 -5 -5 -5 -4 -4 -4 -4 -3 -3 -2 -2 -1 --------- Run | Yrd Mat Min Mat Min Exi Min Mat Sto Rec Scr Fac Low Low Zio Pro Fac Ext Cet Arc Hub Fac Was Fac DSF Res Tes Res Qua Acc Machines Accessed 212 | . 2 2 14 . 4 . 4 14 13 1 26 . 1 . . 28 12 3 1 7 24 . 1 . 22 9 2 11 11 Terminals 112 | . 1 . 10 . . . 2 10 6 . 10 . . . . 7 12 3 . 6 11 . 1 . 9 7 1 9 7 Fabricators 16 | . . . . . . . . . . . 2 . . . . 5 . . . . 5 . . . 3 . . . 1 Repair Stations 7 | . . . . . . . . 1 . . 2 . . . . 3 . . . . 1 . . . . . . . . Recycling Units 35 | . 1 . 2 . . . 1 2 6 . 7 . . . . 7 . . . . 3 . . . 3 . 1 . 2 Scanalyzers 15 | . . . 2 . . . 1 . . . 1 . . . . 3 . . . . 2 . . . 4 1 . 1 . Garrison Access 17 | . . . . . . . . 1 . . 4 . . . . 3 . . . 1 2 . . . 3 1 . 1 1 Total Hacks 798 | . 7 2 55 . 20 . 11 27 41 1 68 . 1 . . 82 34 14 22 25 117 . 1 . 96 45 13 29 87 Successful 488 | . 3 2 34 . 20 . 8 14 26 1 36 . 1 . . 47 14 8 22 19 91 . 1 . 65 23 9 11 33 Failed 310 | . 4 . 21 . . . 3 13 15 . 32 . . . . 35 20 6 . 6 26 . . . 31 22 4 18 54 Catastrophic 39 | . . . 5 . . . . 2 2 . 6 . . . . 6 . 1 . . 1 . . . 2 . . 5 9 Database Lockouts . | . . . . . . . . . . . . . . . . . . . . . . . . . . . . . . Manual 357 | . 3 . 37 . 2 . 6 13 12 . 26 . . 2 . 40 8 1 3 15 62 . . . 41 18 9 11 48 Terminals 503 | . 4 . 44 . . . 7 21 19 . 32 . . . . 27 34 14 . 24 77 . 1 . 56 39 10 26 68 Fabricators 44 | . . . . . . . . . . . 4 . . . . 9 . . . . 13 . . . 17 . . . 1 Repair Stations 17 | . . . . . . . . 1 . . 5 . . . . 7 . . . . 4 . . . . . . . . Recycling Units 106 | . 3 . 5 . . . 1 3 16 . 19 . . . . 22 . . . . 10 . . . 9 . 3 . 15 Scanalyzers 47 | . . . 6 . . . 3 . . . 3 . . . . 13 . . . . 11 . . . 5 5 . 1 . Garrison Access 29 | . . . . . . . . 2 . . 5 . . . . 4 . . . 1 2 . . . 9 1 . 2 3 Terminal Hacks 204 | . 1 2 6 . 20 . 1 7 9 1 4 . 1 . . 1 11 8 22 9 31 . 1 . 29 18 3 7 12 Record 60 | . . . . . 19 . . . 5 1 . . . . . . . 8 22 . . . . . . . . 5 . Part Schematic 6 | . . . . . . . . . . . . . . . . 1 . . . . 3 . . . 1 1 . . . Robot Schematic 2 | . . . . . . . . . . . . . . . . . . . . . 2 . . . . . . . . Robot Analysis 5 | . . . . . . . . . 1 . 1 . . . . . . . . . 2 . . . . 1 . . . Prototype ID Bank 19 | . . . 3 . . . . 1 2 . 1 . . . . . . . . 2 7 . . . 2 . . . 1 Open Door 16 | . . 2 . . . . . 5 . . . . 1 . . . 7 . . . . . . . . 1 . . . Open DSF 2 | . . . . . . . . . . . . . . . . . . . . . . . 1 . 1 . . . . Level Access Points 3 | . . . . . . . . . . . . . . . . . 1 . . 1 . . . . . . . 1 . Branch Access Points 6 | . . . 1 . . . . . . . 1 . . . . . . . . 1 1 . . . 1 . 1 . . Emergency Access Points 1 | . . . 1 . . . . . . . . . . . . . . . . . . . . . . . . . . Machine Index 4 | . . . . . . . . . . . . . . . . . . . . 1 1 . . . 1 . . . 1 Terminal Index 3 | . . . . . . . . . . . . . . . . . . . . . 1 . . . 1 . 1 . . Fabricator Index 3 | . . . . . . . . . . . . . . . . . . . . 1 . . . . 1 . . . 1 Recycling Unit Index 3 | . . . . . . . . . . . . . . . . . . . . 1 1 . . . 1 . . . . Scanalyzer Index 2 | . . . . . . . . . . . . . . . . . . . . . . . . . 1 . . . 1 Garrison Index 3 | . . . . . . . . . . . . . . . . . . . . . 1 . . . 1 . 1 . . Alert Level 11 | . . . . . . . . . . . 1 . . . . . 1 . . 1 1 . . . 4 2 . . 1 Unreport Threat 8 | . . . . . . . . . . . . . . . . . 2 . . . 1 . . . 5 . . . . Locate Traps 11 | . 1 . 1 . . . . . . . . . . . . . . . . . 2 . . . 3 4 . . . Disarm Traps 3 | . . . . . . . . . . . . . . . . . . . . . . . . . 2 1 . . . Dispatch Records 3 | . . . . . . . . . . . . . . . . . . . . . 1 . . . 1 . . . 1 Maintenance Status 1 | . . . . . . . . . . . . . . . . . . . . . . . . . 1 . . . . Security Status 2 | . . . . . . . . . . . . . . . . . . . . . 2 . . . . . . . . Transport Status 1 | . . . . . . . . . . . . . . . . . . . . . 1 . . . . . . . . Recall Investigation 4 | . . . . . . . . . . . . . . . . . . . . 1 . . . . . 2 . . 1 Recall Extermination 6 | . . . . . . . . . . . . . . . . . . . . . 1 . . . . 2 . 1 2 Hauler Manifests 2 | . . . . . . . 1 . . . . . . . . . . . . . 1 . . . . . . . . Registered Components 4 | . . . . . . . . . . . . . . . . . . . . . 1 . . . 1 1 . . 1 Registered Prototypes 3 | . . . . . . . . . . . . . . . . . . . . . . . . . 1 1 . . 1 Zone Layout 3 | . . . . . . . . 1 . . . . . . . . . . . . 1 . . . . . . . 1 Proto ID Catalog 1 | . . . . . 1 . . . . . . . . . . . . . . . . . . . . . . . . Protovariant Controls 2 | . . . . . . . . . . . . . . . . . . . . . . . . . . 2 . . . Release Object 1 | . . . . . . . . . 1 . . . . . . . . . . . . . . . . . . . . Fabricator Hacks 15 | . . . . . . . . . . . 1 . . . . 1 . . . . 4 . . . 9 . . . . Network Status 3 | . . . . . . . . . . . . . . . . . . . . . 2 . . . 1 . . . . Load Schematic 4 | . . . . . . . . . . . . . . . . . . . . . 1 . . . 3 . . . . Build 8 | . . . . . . . . . . . 1 . . . . 1 . . . . 1 . . . 5 . . . . Repair Station Hacks 10 | . . . . . . . . . . . 3 . . . . 5 . . . . 2 . . . . . . . . Scan Component 6 | . . . . . . . . . . . 2 . . . . 3 . . . . 1 . . . . . . . . Repair 4 | . . . . . . . . . . . 1 . . . . 2 . . . . 1 . . . . . . . . Recycling Unit Hacks 29 | . . . 2 . . . 1 1 5 . 6 . . . . 5 . . . . 4 . . . 2 . 1 . 2 Retrieve Components 29 | . . . 2 . . . 1 1 5 . 6 . . . . 5 . . . . 4 . . . 2 . 1 . 2 Scanalyzer 30 | . . . 4 . . . 3 . . . 2 . . . . 11 . . . . 10 . . . . . . . . Insert Component 14 | . . . 2 . . . 1 . . . 1 . . . . 6 . . . . 4 . . . . . . . . Analyze 16 | . . . 2 . . . 2 . . . 1 . . . . 5 . . . . 6 . . . . . . . . Garrison Access Hacks 17 | . . . . . . . . 1 . . 4 . . . . 3 . . . 1 2 . . . 4 1 . 1 . Seal Access 16 | . . . . . . . . 1 . . 4 . . . . 3 . . . 1 2 . . . 3 1 . 1 . Coupler Status 1 | . . . . . . . . . . . . . . . . . . . . . . . . . 1 . . . . Unauthorized Hacks 183 | . 2 . 22 . . . 3 5 12 . 16 . . . . 21 3 . . 9 38 . . . 21 4 5 3 19 Terminals 119 | . 2 . 17 . . . 3 4 6 . 7 . . . . 6 3 . . 9 27 . . . 11 3 4 2 15 Track 9 | . . . 1 . . . . . . . . . . . . . . . . . 4 . . . . . 1 . 3 Assimilate 14 | . . . . . . . 1 . . . . . . . . 2 3 . . 1 4 . . . . 1 . 2 . Botnet 29 | . 1 . 5 . . . 1 . 1 . 2 . . . . 1 . . . 2 6 . . . 3 1 1 . 5 Detonate 7 | . . . . . . . . . . . . . . . . . . . . . 4 . . . 1 . . . 2 Operators 7 | . . . 1 . . . . . . . . . . . . . . . . 1 1 . . . 1 1 1 . 1 Skim 52 | . 1 . 10 . . . 1 4 5 . 5 . . . . 3 . . . 4 8 . . . 6 . 1 . 4 Sabotage 1 | . . . . . . . . . . . . . . . . . . . . 1 . . . . . . . . . Fabricators 16 | . . . . . . . . . . . 2 . . . . 6 . . . . 5 . . . 2 . . . 1 Report 1 | . . . . . . . . . . . . . . . . 1 . . . . . . . . . . . . . Liberate 13 | . . . . . . . . . . . 2 . . . . 4 . . . . 5 . . . 2 . . . . Haulers 1 | . . . . . . . . . . . . . . . . 1 . . . . . . . . . . . . . Overload 1 | . . . . . . . . . . . . . . . . . . . . . . . . . . . . . 1 Repair Stations 1 | . . . . . . . . . . . . . . . . . . . . . 1 . . . . . . . . Mechanics 1 | . . . . . . . . . . . . . . . . . . . . . 1 . . . . . . . . Recycling Units 37 | . . . 3 . . . . 1 6 . 7 . . . . 7 . . . . 5 . . . 4 . 1 . 3 Monitor 2 | . . . . . . . . . . . . . . . . 1 . . . . 1 . . . . . . . . Reject 19 | . . . 2 . . . . 1 . . 6 . . . . 5 . . . . 2 . . . 1 . 1 . 1 Recyclers 8 | . . . 1 . . . . . . . 1 . . . . 1 . . . . 2 . . . 1 . . . 2 Mask 1 | . . . . . . . . . . . . . . . . . . . . . . . . . 1 . . . . Tunnel 7 | . . . . . . . . . 6 . . . . . . . . . . . . . . . 1 . . . . Scanalyzers 10 | . . . 2 . . . . . . . . . . . . 2 . . . . . . . . 4 1 . 1 . Researchers 3 | . . . . . . . . . . . . . . . . . . . . . . . . . 1 1 . 1 . Extract 7 | . . . 2 . . . . . . . . . . . . 2 . . . . . . . . 3 . . . . Garrison Access . | . . . . . . . . . . . . . . . . . . . . . . . . . . . . . . Data Cores Recovered 5 | . . . . . . . . . . . 1 . . . . 1 1 . . . 1 . . . . 1 . . . Used . | . . . . . . . . . . . . . . . . . . . . . . . . . . . . . . Hacking Detections 124 | . 2 . 13 . . . 1 9 7 . 19 . . . . 19 5 2 . 5 11 . . . 11 6 1 6 7 Full Trace Events 10 | . . . . . . . . . 1 . 3 . . . . . . 1 . . 1 . . . 3 1 . . . Feedback Events 1 | . . . . . . . . . . . 1 . . . . . . . . . . . . . . . . . . Hackware Fried 1 | . . . . . . . . . . . 1 . . . . . . . . . . . . . . . . . . Feedback Blocked . | . . . . . . . . . . . . . . . . . . . . . . . . . . . . . . Robot Schematics Acquired 5 | . . . . . . . . . . . . . . . . . . . . . 2 . . . . 2 . 1 . Robots Built 8 | . . . . . . . . . . . 1 . . . . . . . . . 2 . . . 5 . . . . Authchips . | . . . . . . . . . . . . . . . . . . . . . . . . . . . . . . Time 525 | . . . . . . . . . . . 152 . . . . . . . . . 84 . . . 289 . . . . Total Robot Build Rating 48 | . . . . . . . . . . . 5 . . . . . . . . . 12 . . . 31 . . . . Part Schematics Acquired 71 | . . . 11 . . . 1 . . . 1 . . . . 20 . . . . 7 . . . 24 5 . 2 . Parts Built 1 | . . . . . . . . . . . . . . . . 1 . . . . . . . . . . . . . Authchips . | . . . . . . . . . . . . . . . . . . . . . . . . . . . . . . Time 77 | . . . . . . . . . . . . . . . . 35 . . . . . . . . 42 . . . . Total Part Build Rating 6 | . . . . . . . . . . . . . . . . 6 . . . . . . . . . . . . . Parts Repaired 4 | . . . . . . . . . . . 1 . . . . 2 . . . . 1 . . . . . . . . Time 153 | . . . . . . . . . . . 25 . . . . 98 . . . . 30 . . . . . . . . Parts Recycled . | . . . . . . . . . . . . . . . . . . . . . . . . . . . . . . Recycled Matter . | . . . . . . . . . . . . . . . . . . . . . . . . . . . . . . Retrieved Matter . | . . . . . . . . . . . . . . . . . . . . . . . . . . . . . . Retrieved Components 79 | . . . 9 . . . 4 10 18 . 21 . . . . 7 . . . . 2 . . . 5 . . . 3 Parts Scanalyzed 13 | . . . 2 . . . 1 . . . 1 . . . . 5 . . . . 4 . . . . . . . . Part Schematics Acquired 13 | . . . 2 . . . 1 . . . 1 . . . . 5 . . . . 4 . . . . . . . . Parts Damaged 2 | . . . . . . . . . . . . . . . . 1 . . . . 1 . . . . . . . . Bothacking | -11 -10 -10 -9 -9 -9 -8 -8 -8 -8 -8 -6 -6 -6 -6 -5 -5 -5 -5 -5 -5 -4 -4 -4 -4 -3 -3 -2 -2 -1 ------------ Run | Yrd Mat Min Mat Min Exi Min Mat Sto Rec Scr Fac Low Low Zio Pro Fac Ext Cet Arc Hub Fac Was Fac DSF Res Tes Res Qua Acc Used RIF Installer . | . . . . . . . . . . . . . . . . . . . . . . . . . . . . . . Robots Hacked 7 | . . . . . . . . . . 1 3 . . . . . . . . . . . . . . 2 . . 1 Non-combat 5 | . . . . . . . . . . . 3 . . . . . . . . . . . . . . 1 . . 1 Combat 2 | . . . . . . . . . . 1 . . . . . . . . . . . . . . . 1 . . . Robot Hacks Applied 11 | . . . . . . . . . . 1 5 . . . . . . . . . . . . . . 3 . . 2 parse_system 2 | . . . . . . . . . . 1 . . . . . . . . . . . . . . . 1 . . . no_distress 4 | . . . . . . . . . . . 2 . . . . . . . . . . . . . . 1 . . 1 find_chute 1 | . . . . . . . . . . . 1 . . . . . . . . . . . . . . . . . . find_fabricator 2 | . . . . . . . . . . . 1 . . . . . . . . . . . . . . . . . 1 find_dsf 1 | . . . . . . . . . . . 1 . . . . . . . . . . . . . . . . . . check_alert 1 | . . . . . . . . . . . . . . . . . . . . . . . . . . 1 . . . Relay Couplers Released . | . . . . . . . . . . . . . . . . . . . . . . . . . . . . . . Fabnet Peak Effective % . | . . . . . . . . . . . . . . . . . . . . . . . . . . . . . . Robots Rewired 27 | . . . . . . . . 1 10 . . . . . . . 15 . . . . . . . . 1 . . . Allies Hacked 4 | . . . . . . . . . . . 1 . . . . . . . . . 3 . . . . . . . . Hacks Repelled 1 | . . . . . . . . . . . . . . . . . . . . . 1 . . . . . . . . Allies | -11 -10 -10 -9 -9 -9 -8 -8 -8 -8 -8 -6 -6 -6 -6 -5 -5 -5 -5 -5 -5 -4 -4 -4 -4 -3 -3 -2 -2 -1 -------- Run | Yrd Mat Min Mat Min Exi Min Mat Sto Rec Scr Fac Low Low Zio Pro Fac Ext Cet Arc Hub Fac Was Fac DSF Res Tes Res Qua Acc Total Allies 90 | . . . . . . . 1 1 10 . 1 . . . . 5 25 5 . . 8 20 . . 5 2 . . 7 Largest Group 20 | . . . . . . . 1 1 10 10 10 . . . . 3 17 20 17 12 4 20 . 20 13 2 . . 7 Highest-Rated Group 1047 | . . . . . . . 10 16 174 174 174 . . . . 87 645 1047 892 628 202 796 . 796 556 200 . . 102 Highest-Rated Ally 159 | . . . . . . . 10 16 34 34 34 . . . . 29 159 159 159 96 54 50 . 50 54 146 . . 15 Initial Warlord ECA Mod 41 | . . . . . . . . . . . . . . . . . . . . . . . . . 9 9 8 8 7 Total Orders 19 | . . . . . . . 6 . 2 . . . . . . . 11 . . . . . . . . . . . . STAY 10 | . . . . . . . 3 . 1 . . . . . . . 6 . . . . . . . . . . . . FOLLOW 9 | . . . . . . . 3 . 1 . . . . . . . 5 . . . . . . . . . . . . Ally Attacks 501 | . . . . . . . . . . . 19 . . . . 14 124 81 41 23 9 . . 50 110 9 . . 21 Total Damage 13929 | . . . . . . . . . . . 621 . . . . 210 2653 1768 876 633 326 . . 1684 4356 423 . . 379 Kills 86 | . . . . . . . . . . . 5 . . . . 2 22 13 5 3 1 . . 9 22 3 . . 1 Allies Corrupted 4 | . . . . . . . . . . . . . . . . . . . . . . . . 1 2 1 . . . Allies Melted . | . . . . . . . . . . . . . . . . . . . . . . . . . . . . . . Intel | -11 -10 -10 -9 -9 -9 -8 -8 -8 -8 -8 -6 -6 -6 -6 -5 -5 -5 -5 -5 -5 -4 -4 -4 -4 -3 -3 -2 -2 -1 ------- Run | Yrd Mat Min Mat Min Exi Min Mat Sto Rec Scr Fac Low Low Zio Pro Fac Ext Cet Arc Hub Fac Was Fac DSF Res Tes Res Qua Acc Active Infowar (turns) 10063 | . 492 . . . . . 6 . . . 988 98 481 303 510 975 975 389 149 96 793 96 1 204 1349 657 147 588 766 Optics 7185 | . . . . . . . . . . . . . . . . 975 975 389 149 96 793 96 1 204 1349 657 147 588 766 Sensors 7258 | . . . . . . . 6 . . . 954 98 481 303 510 947 62 . . . 750 96 1 204 1317 657 147 375 350 Structural 7050 | . . . . . . . . . . . 535 98 481 303 510 834 596 . . 96 793 96 1 204 963 561 118 588 273 Traps 821 | . . . . . . . . . . . 9 . . . . 542 . . . . 270 . . . . . . . . Seismic 492 | . 492 . . . . . . . . . . . . . . . . . . . . . . . . . . . . ECM 4068 | . . . . . . . . . . . 18 6 . 3 323 253 . . . . 199 96 1 204 1333 654 147 578 253 Robot Analysis Total 5 | . . . . . . . . . 1 . 1 . . . . . . . . . 2 . . . . 1 . . . Derelict Logs Recovered 7 | . . 1 . 2 . . . . . . . . 1 1 2 . . . . . . . . . . . . . . Drone Launches . | . . . . . . . . . . . . . . . . . . . . . . . . . . . . . . Drone Recoveries . | . . . . . . . . . . . . . . . . . . . . . . . . . . . . . . Exploration | -11 -10 -10 -9 -9 -9 -8 -8 -8 -8 -8 -6 -6 -6 -6 -5 -5 -5 -5 -5 -5 -4 -4 -4 -4 -3 -3 -2 -2 -1 ------------- Run | Yrd Mat Min Mat Min Exi Min Mat Sto Rec Scr Fac Low Low Zio Pro Fac Ext Cet Arc Hub Fac Was Fac DSF Res Tes Res Qua Acc Turns Passed 20897 | 111 679 593 3214 738 447 383 597 2174 1334 957 1014 98 481 303 510 975 975 389 149 96 793 96 1 204 1349 657 147 588 845 Spaces Moved 27167 | 48 357 446 1548 537 359 245 291 1086 814 716 2224 383 1295 1172 1110 2562 1469 432 251 319 1960 204 3 294 2792 1088 296 1176 1690 Core 96 | 1 . . . . . . . . . . 2 . . . . . 1 . . . . . . . . . . . 92 Treads 734 | 47 124 . . . . . . 563 . . . . . . . . . . . . . . . . . . . . . Legs 4941 | . . . 1456 537 359 245 291 523 814 716 . . . . . . . . . . . . . . . . . . . Wheels 771 | . 233 446 92 . . . . . . . . . . . . . . . . . . . . . . . . . . Hover . | . . . . . . . . . . . . . . . . . . . . . . . . . . . . . . Flight 20625 | . . . . . . . . . . . 2222 383 1295 1172 1110 2562 1468 432 251 319 1960 204 3 294 2792 1088 296 1176 1598 Fastest Speed 20 | 50 100 90 115 120 120 120 120 120 120 122 20 20 20 20 20 20 20 20 20 20 20 28 28 28 39 37 36 36 36 Average Speed 52 | 157 120 102 129 120 120 120 121 156 136 129 20 20 20 20 20 23 23 20 20 20 27 28 28 35 39 38 36 36 39 Slowest Speed 500 | 160 160 115 190 120 120 120 190 190 190 192 500 20 20 93 20 27 500 20 20 20 112 28 28 39 42 42 36 39 200 Overloaded Moves . | . . . . . . . . . . . . . . . . . . . . . . . . . . . . . . Propulsion Burnouts . | . . . . . . . . . . . . . . . . . . . . . . . . . . . . . . Robots Hopped 77 | . . . . . . . . . . . 10 . 3 . . 15 14 . . 1 5 . . 2 1 5 1 1 19 Potential Cave-ins 8 | . . . . . . . . . . . . . . . . . 8 . . . . . . . . . . . . Cave-ins Triggered . | . . . . . . . . . . . . . . . . . . . . . . . . . . . . . . Teleports 3 | . . . . . . . . . . . . . . . . . . . . . . . . . . . . 1 2 Exploration Rate (%) 70 | 4 55 81 98 97 70 31 23 96 99 50 55 56 91 87 90 77 69 87 100 46 60 95 . 97 85 92 7 80 61 Regions Visited 29 Branch Regions 17 Pre-discovered Areas 21 | . . 1 6 . 1 . . . 9 . 1 . . . 1 . . . . . 1 . . . 1 . . . . Known Exits Taken 18 | . . . 1 . . 1 1 1 1 1 1 1 1 1 1 1 . . . 1 . . 1 . 1 1 1 1 . Unknown Exits Taken 8 | 1 1 1 . 1 1 . . . . . . . . . . . 1 1 1 . . . . . . . . . . Scrap Searched 19 | . . 1 . 3 . . . . . 5 . 3 4 2 1 . . . . . . . . . . . . . . Spaces Dug 347 | . 12 . . . . . . 1 8 . 37 16 3 . 5 51 7 . 1 4 86 . . 15 21 25 2 19 34 Terrain Destroyed 976 | . 28 51 27 2 . . . 41 39 . 37 35 3 . 5 51 105 . 1 184 155 . . 15 21 25 2 19 130 Melee 258 | . . . . . . . . 1 . . 37 . 3 . 5 51 5 . 1 4 35 . . 15 21 25 2 19 34 Projectile 18 | . . . . . . . . . 3 . . . . . . . 15 . . . . . . . . . . . . AOE 700 | . 28 51 27 2 . . . 40 36 . . 35 . . . . 85 . . 180 120 . . . . . . . 96 Terrain Rammed . | . . . . . . . . . . . . . . . . . . . . . . . . . . . . . . Walls Destroyed . | . . . . . . . . . . . . . . . . . . . . . . . . . . . . . . Machines Disabled . | . . . . . . . . . . . . . . . . . . . . . . . . . . . . . . Actions | -11 -10 -10 -9 -9 -9 -8 -8 -8 -8 -8 -6 -6 -6 -6 -5 -5 -5 -5 -5 -5 -4 -4 -4 -4 -3 -3 -2 -2 -1 --------- Run | Yrd Mat Min Mat Min Exi Min Mat Sto Rec Scr Fac Low Low Zio Pro Fac Ext Cet Arc Hub Fac Was Fac DSF Res Tes Res Qua Acc Total 32480 | 68 485 529 2500 587 376 307 495 1388 1018 747 2725 401 1507 1229 1389 2860 2030 727 326 341 2159 242 2 374 3002 1277 330 1277 1782 Wait 3364 | 2 53 28 655 11 . 48 144 109 85 20 383 13 186 56 267 141 417 267 37 11 77 39 . 33 116 112 30 14 10 Move 26990 | 47 356 445 1547 536 358 244 290 1085 813 715 2204 382 1288 1171 1109 2531 1444 431 250 316 1950 203 2 289 2789 1077 293 1173 1652 Hop 72 | . . . . . . . . . . . 9 . 3 . . 15 10 . . 1 5 . . 2 1 5 1 1 19 Pick Up 123 | 6 5 11 25 2 2 . 4 7 2 3 13 1 1 . . 11 3 1 2 1 7 . . 4 1 . . 9 2 Fast Attach 165 | 6 1 4 12 1 5 . 9 26 2 . 14 . . . . 11 7 1 2 . 7 . . 3 15 13 1 9 16 Attach 72 | . 4 3 6 . . . 1 1 2 2 12 1 . . . 5 5 6 2 . 8 . . 1 . . 1 2 10 Detach 43 | . . . 2 . . . . 1 1 . 7 . . . . 6 3 7 1 . 4 . . . 1 2 . 3 5 Swap 107 | . 2 1 24 1 2 . 8 8 . 2 8 1 1 1 5 10 5 . 8 2 5 . . . 6 . . 3 4 Drop 226 | . 1 5 50 4 9 . 14 32 3 4 18 1 1 . . 14 7 3 3 2 11 . . 7 14 10 . 9 4 Fire 433 | 6 61 32 153 23 . 13 20 84 9 . . 2 . . . . 19 2 . 2 3 . . . . . . . 4 Melee 461 | . . . . . . . 1 12 1 1 57 . 6 1 5 63 40 1 21 6 55 . . 18 47 44 4 28 50 Ram . | . . . . . . . . . . . . . . . . . . . . . . . . . . . . . . Kick 38 | . . . 15 5 . 2 4 5 7 . . . . . . . . . . . . . . . . . . . . Crush 13 | 1 2 . . . . . . 10 . . . . . . . . . . . . . . . . . . . . . Escape Stasis 51 | . . . . . . . . . . . . . . . . . 11 . . . 18 . . 17 5 . . . . Rewire 155 | . . . . . . . . 8 93 . . . . . . . 54 . . . . . . . . . . . . Trap 127 | . . . 11 4 . . . . . . . . 21 . 3 53 5 . . . 9 . . . 7 14 . . . Miscellaneous 40 | . . . . . . . . . . . . . . . . . . 8 . . . . . . . . . 26 6 Route ------- -11/Scrapyard -10/Materials (discovered 2 exits: *Min / [*Sub]) -10/Mines (discovered 2 exits: *Mat / [*Sub]) -9/Materials (discovered 4 exits: *Mat x3 / *Min) -9/Mines (discovered 3 exits: *Mat x2 / *Exi) -9/Exiles -8/Mines -8/Materials (discovered 4 exits: Fac x3 / *Sto) -8/Storage (discovered 2 exits: *Fac / *Rec) -8/Recycling (discovered 2 exits: *Fac / *Scr) -8/Scraptown (discovered 2 exits: *Fac x2) -6/Factory (discovered 6 exits: *Fac x4 / *Low x2) -6/Lower Caves -6/Lower Caves (discovered 2 exits: *Fac / *Zio) -6/Zion -5/Proximity Caves -5/Factory (discovered 7 exits: *Fac x4 / *Upp x2 / *Ext) -5/Extension (discovered 3 exits: *Fac x2 / *Cet) -5/Cetus (discovered 2 exits: *Fac / *Arc) -5/Archives (discovered 3 exits: *Fac / *Hub x2) -5/Hub_04(d) (discovered 4 exits: *Fac x4) -4/Factory (discovered 7 exits: *Res x4 / *Upp x2 / Arm) -4/Waste -4/Factory (discovered 2 exits: Upp / DSF) -4/DSF -3/Research (discovered 5 exits: *Res x3 / *Tes x2) -3/Testing -2/Research (discovered 4 exits: Acc x2 / *Qua x2) -2/Quarantine -1/Access History --------- Turn | Location | Event 15 | -11/Scrapyard | Discovered new exit (range 13) 112 | -11/Scrapyard | Entered Materials 242 | -10/Materials | Discovered new exit (range 6) 307 | -10/Materials | Build established: Mutant 457 | -10/Materials | Lost 3 parts (1p1n1w) 511 | -10/Materials | Discovered new exit (range 14) 612 | -10/Materials | Derelicts attacked the area 654 | -10/Materials | Core integrity fell below 50% 779 | -10/Materials | Core integrity fell below 20% 791 | -10/Materials | Entered Mines 951 | -10/Mines | Met a Derelict who couldn't figure out how to use a Trap Extractor 1047 | -10/Mines | Lost 5 parts (2p1n2w) 1081 | -10/Mines | Learned 4 Materials zone layouts 1175 | -10/Mines | Found the Drone Emporium 1181 | -10/Mines | Found Prototype Device 1181 | -10/Mines | Identified Decoy Drone Bay 1365 | -10/Mines | Discovered new exit (range 12) 1378 | -10/Mines | Discovered new exit (range 5) 1379 | -10/Mines | Learned location of Storage (-8) 1384 | -10/Mines | Entered Materials 1384 | -9/Materials | Evolved 2 slots: Propulsion x2 1385 | -9/Materials | Identified exit to Materials 1781 | -9/Materials | Build established: Scavenger-Mutant 1867 | -9/Materials | Identified exit to Mines 1947 | -9/Materials | Discovered exit to Materials (range 6) 2528 | -9/Materials | Discovered exit to Materials (range 15) 2678 | -9/Materials | Loaded intel: 9 trap records 2709 | -9/Materials | Learned location of Mines (-9) 2730 | -9/Materials | Learned location of 1 exit from Recycling 2739 | -9/Materials | Loaded intel: 18 interactive machine locations 2741 | -9/Materials | Learned location of Zion (-6) 2814 | -9/Materials | Learned 8 Materials zone layouts 4184 | -9/Materials | First assault squad dispatched 4362 | -9/Materials | Learned Materials trap positions 4378 | -9/Materials | Build established: Mutant 4436 | -9/Materials | Learned location of Mines (-8) 4456 | -9/Materials | Learned Recycling recycling unit intel 4482 | -9/Materials | Learned location of 2 exits from Materials 4509 | -9/Materials | Loaded intel: 61 machine locations 4548 | -9/Materials | Learned Storage emergency access door positions 4595 | -9/Materials | Learned location of 1 exit from Storage 4598 | -9/Materials | Entered Mines 4620 | -9/Mines | Learned Materials garrison access intel 4975 | -9/Mines | Learned Materials terminal intel 5159 | -9/Mines | Found a hidden stash of uninstalled traps 5256 | -9/Mines | Deemed a non-threat by the Exiles lab entrance 5331 | -9/Mines | Discovered new exit (range 5) 5336 | -9/Mines | Entered Exiles 5365 | -9/Exiles | Met 8R-AWN 5386 | -9/Exiles | Met EX-HEX 5432 | -9/Exiles | Met EX-DEC 5461 | -9/Exiles | Met EX-BIN 5538 | -9/Exiles | Aligned with FarCom system 5539 | -9/Exiles | Given EX-Vault access code 5567 | -9/Exiles | Opened EX-Vault 5575 | -9/Exiles | Found Prototype Slashing Weapon 5575 | -9/Exiles | Identified Longsword +1 5582 | -9/Exiles | Found Prototype Energy Cannon 5582 | -9/Exiles | Identified Firepult 5637 | -9/Exiles | Warned to stay clear of 0b10 Research branches 5773 | -9/Exiles | Discovered new exit (range 10) 5783 | -9/Exiles | Stole two prototypes: Firepult, Longsword +1 5783 | -9/Exiles | Entered Mines 5877 | -8/Mines | Build established: Scavenger-Mutant 6166 | -8/Mines | Entered Materials 6166 | -8/Materials | Evolved 2 slots: Utility x2 6167 | -8/Materials | Identified exit to Storage 6167 | -8/Materials | Identified exit to Factory 6169 | -8/Materials | Loaded intel: 31 trap records 6170 | -8/Materials | Loaded intel: 12 terminal locations 6171 | -8/Materials | Loaded intel: 1 garrison access location 6613 | -8/Materials | Build established: Mutant 6763 | -8/Materials | Entered Storage 6765 | -8/Storage | FarCom data flow suspended 6856 | -8/Storage | Used back door to open Recycling access 6856 | -8/Storage | Discovered new exit (range 5) 7960 | -8/Storage | Build established: Scavenger-Mutant 8936 | -8/Storage | Identified exit to Recycling 8937 | -8/Storage | Entered Recycling 8938 | -8/Recycling | Identified exit to Factory 8939 | -8/Recycling | Loaded intel: 6 recycling unit locations 9060 | -8/Recycling | Build established: Mutant 9371 | -8/Recycling | Learned location of 1 exit from Storage 9403 | -8/Recycling | Learned location of 2 exits from Lower Caves 9434 | -8/Recycling | Learned Factory emergency access door positions 9436 | -8/Recycling | Learned Storage garrison access intel 9438 | -8/Recycling | Learned Storage emergency access door positions 9449 | -8/Recycling | Learned Storage machine intel 10137 | -8/Recycling | Build established: Commander-Mutant 10199 | -8/Recycling | Scanned before Scraplab entrance 10216 | -8/Recycling | Entered Scraplab 10227 | -8/Recycling | Discovered new exit (range 2) 10227 | -8/Recycling | Identified exit to Scraptown 10271 | -8/Recycling | Entered Scraptown 10271 | -8/Scraptown | Accompanied by 10 allies 10684 | -8/Scraptown | Turned away by UFD registrar 10875 | -8/Scraptown | Visited CPS Storage 10892 | -8/Scraptown | Visited IN-MT5's Study 10930 | -8/Scraptown | Visited Cyclists 10968 | -8/Scraptown | Visited Fellowship of the Rings 11000 | -8/Scraptown | Visited CR-KLE's Repair Center 11008 | -8/Scraptown | CR-KLE repaired 7 parts 11228 | -8/Scraptown | Entered Factory 11228 | -6/Factory | Accompanied by 10 allies 11228 | -6/Factory | Evolved 4 slots: Propulsion x2, Utility x2 11229 | -6/Factory | Identified exit to Factory 11343 | -6/Factory | Discovered exit to Factory (range 3) 11362 | -6/Factory | Lost 3 allies 11394 | -6/Factory | Repaired Imp. Trap Scanner 11552 | -6/Factory | Spotted B-75 Beast 11593 | -6/Factory | Fabricated A-15 Conveyor? 11648 | -6/Factory | Discovered exit to Factory (range 12) 11722 | -6/Factory | Discovered new exit (range 6) 11723 | -6/Factory | Identified exit to Lower Caves 11941 | -6/Factory | System Shield fried by hacking feedback 11954 | -6/Factory | Noticed a derelict Sapper rigging charges 12001 | -6/Factory | Build established: Infiltrator-Ninja 12120 | -6/Factory | Learned 2 Lower Caves zone layouts 12160 | -6/Factory | Learned Extension terminal intel 12192 | -6/Factory | Learned location of 1 exit from Lower Caves 12216 | -6/Factory | Learned location of Upper Caves (-4) 12242 | -6/Factory | Entered Lower Caves 12242 | -6/Lower Caves | Spotted 8A-RE2(f) 12242 | -6/Lower Caves | Spotted XL-RFC(f) 12243 | -6/Lower Caves | Identified exit to Lower Caves 12244 | -6/Lower Caves | Encountered a Master Thief 12254 | -6/Lower Caves | Encountered a Master Thief 12256 | -6/Lower Caves | Spotted BQ-Y74(f) 12257 | -6/Lower Caves | Encountered a Master Thief 12313 | -6/Lower Caves | Spotted B-75 Beast 12340 | -6/Lower Caves | Entered another Lower Caves area 12341 | -6/Lower Caves | Identified exit to Zion 12356 | -6/Lower Caves | Encountered a Warlord checkpoint 12674 | -6/Lower Caves | Spotted B-75 Beast 12751 | -6/Lower Caves | Learned Factory emergency access door positions 12821 | -6/Lower Caves | Entered Zion 12844 | -6/Zion | Discovered new exit (range 12) 12847 | -6/Zion | Identified exit to Proximity Caves 12856 | -6/Zion | System corruption cleaned by Quarantine Array 12907 | -6/Zion | Received a hallucinogenic algorithm 12907 | -6/Zion | Ran a hallucination algorithm 12910 | -6/Zion | Learned 12 Factory zone layouts 13059 | -6/Zion | Met Imprinter 13124 | -6/Zion | Entered Proximity Caves 13125 | -5/Proximity Caves | Learned Factory stockpile data 13180 | -5/Proximity Caves | Learned location of Armory (-4) 13242 | -5/Proximity Caves | Spotted B-75 Beast 13624 | -5/Proximity Caves | Discovered exit to Factory (range 15) 13634 | -5/Proximity Caves | Entered Factory 13634 | -5/Factory | Evolved 2 slots: Utility x2 13635 | -5/Factory | Identified exit to Factory 13774 | -5/Factory | Repaired Broken Imp. VTOL Module 13791 | -5/Factory | Discovered new exit (range 10) 13793 | -5/Factory | Identified exit to Upper Caves 13963 | -5/Factory | Fabricated Adv. Hacking Suite? 14054 | -5/Factory | Discovered exit to Upper Caves (range 9) 14270 | -5/Factory | Discovered exit to Factory (range 9) 14312 | -5/Factory | Discovered exit to Factory (range 5) 14423 | -5/Factory | Repaired Imp. VTOL Module 14431 | -5/Factory | Spotted B-75 Beast 14539 | -5/Factory | Discovered exit to Factory (range 7) 14574 | -5/Factory | Discovered new exit (range 19) 14601 | -5/Factory | Identified exit to Extension 14609 | -5/Factory | Entered Extension 14609 | -5/Extension | Accompanied by 1 ally 14610 | -5/Extension | Loaded intel: 15 terminal locations 14639 | -5/Extension | Build established: Hacker-Ninja 14844 | -5/Extension | Spotted B-75 Beast 14846 | -5/Extension | Rescued a captive Derelict 14968 | -5/Extension | Build established: Hacker-Sprinter 15028 | -5/Extension | Rescued a captive Derelict 15028 | -5/Extension | Rescued a captive Derelict 15038 | -5/Extension | Rescued a captive Derelict 15041 | -5/Extension | Rescued a captive Derelict 15083 | -5/Extension | Rescued a captive Derelict 15133 | -5/Extension | Rescued A7 15150 | -5/Extension | Rescued a captive Derelict 15150 | -5/Extension | Rescued a captive Derelict 15152 | -5/Extension | Rescued a captive Derelict 15159 | -5/Extension | Disrupted transfer network 15487 | -5/Extension | Build established: Commander-Sprinter 15531 | -5/Extension | Discovered new exit (range 6) 15532 | -5/Extension | Disrupted transfer network 15584 | -5/Extension | Entered Cetus 15584 | -5/Cetus | Accompanied by 17 allies (A7) 15589 | -5/Cetus | Acquired a Cetus Manufacturing Module code from A7 15610 | -5/Cetus | Spotted Cetus Guard 15610 | -5/Cetus | Spotted Cetus Guard 15612 | -5/Cetus | Spotted Cetus Guard 15613 | -5/Cetus | Spotted Cetus Guard 15620 | -5/Cetus | Allies destroyed Cetus Guard 15634 | -5/Cetus | Allies destroyed Cetus Guard 15636 | -5/Cetus | Allies destroyed Cetus Guard 15646 | -5/Cetus | Started Cetus Manufacturing Module 15671 | -5/Cetus | Manufactured an Enhanced Grunt 15696 | -5/Cetus | Manufactured an Enhanced Grunt 15700 | -5/Cetus | Discovered new exit (range 21) 15721 | -5/Cetus | Manufactured an Enhanced Grunt 15746 | -5/Cetus | Manufactured an Enhanced Grunt 15771 | -5/Cetus | Manufactured an Enhanced Grunt 15793 | -5/Cetus | Spotted Cetus Guard 15794 | -5/Cetus | Spotted Cetus Guard 15796 | -5/Cetus | Spotted Cetus Guard 15799 | -5/Cetus | Discovered exit to Factory (range 22) 15799 | -5/Cetus | Spotted Cetus Guard 15808 | -5/Cetus | Destroyed Cetus Guard 15810 | -5/Cetus | Allies destroyed Cetus Guard 15817 | -5/Cetus | Met Revision 17 15840 | -5/Cetus | Lost 3 allies 15973 | -5/Cetus | Entered Archives 15973 | -5/Archives | Accompanied by 17 allies (A7) 15993 | -5/Archives | Unable to access archive contents 15993 | -5/Archives | Ran a hallucination algorithm 15996 | -5/Archives | Unable to access archive contents 15997 | -5/Archives | Discovered exit to Factory (range 13) 16007 | -5/Archives | Unable to access archive contents 16011 | -5/Archives | Discovered new exit (range 14) 16027 | -5/Archives | Lost 4 allies 16032 | -5/Archives | Discovered new exit (range 22) 16090 | -5/Archives | Unable to access archive contents 16090 | -5/Archives | Unable to access archive contents 16122 | -5/Archives | Entered Hub_04(d) 16122 | -5/Hub_04(d) | Accompanied by 12 allies 16190 | -5/Hub_04(d) | Spotted B-75 Beast 16209 | -5/Hub_04(d) | Network Hub disabled 16215 | -5/Hub_04(d) | Spotted Lightning 16217 | -5/Hub_04(d) | Spotted Lightning 16217 | -5/Hub_04(d) | Spotted Lightning 16218 | -5/Hub_04(d) | Entered Factory 16218 | -4/Factory | Evolved 2 slots: Utility x2 16267 | -4/Factory | Spotted B-86 Titan 16278 | -4/Factory | Identified exit to Upper Caves 16278 | -4/Factory | Identified exit to Armory 16320 | -4/Factory | Build established: Wizard-Sprinter 16401 | -4/Factory | Learned Quarantine terminal intel 16441 | -4/Factory | Identified exit to Research 16468 | -4/Factory | First assault squad dispatched 16470 | -4/Factory | Loaded intel: 25 terminal locations 16490 | -4/Factory | Learned 2 Armory zone layouts 16505 | -4/Factory | Learned location of Quarantine (-2) 16506 | -4/Factory | Learned 4 Proximity Caves zone layouts 16508 | -4/Factory | Learned 4 Testing zone layouts 16541 | -4/Factory | Learned Factory terminal intel 16557 | -4/Factory | Found Gamma Bomb Array 16610 | -4/Factory | Repaired Imp. VTOL Module 16806 | -4/Factory | Fabricated P-70 Sage (x2) 16807 | -4/Factory | Sage 7a assimilated hostile G-67 Veteran 17011 | -4/Factory | Manually triggered Chute Trap 17011 | -4/Factory | Sucked down chute 17011 | -4/Factory | Entered Waste 17012 | -4/Waste | Joined by Warlord forces that had cleared the area 17059 | -4/Waste | Discovered new exit (range 11) 17107 | -4/Waste | Entered Factory 17107 | -4/Factory | Accompanied by 20 allies 17108 | -4/Factory | Identified exit to DSF 17108 | -4/Factory | Entered DSF 17108 | -4/DSF | Accompanied by 20 allies 17141 | -4/DSF | Additional patrols routed to DSF 17205 | -4/DSF | Discovered exit to Research (range 19) 17207 | -4/DSF | Lost 6 allies 17263 | -4/DSF | Sterilization system engaged 17283 | -4/DSF | Ambient heat levels rising (+10) 17298 | -4/DSF | Ambient heat levels rising (+10) 17312 | -4/DSF | Entered Research 17312 | -3/Research | Accompanied by 13 allies 17312 | -3/Research | Evolved 2 slots: Utility x2 17416 | -3/Research | Identified exit to Testing 17425 | -3/Research | Lost 3 allies 17512 | -3/Research | Revision forces began assault on 0b10 17561 | -3/Research | Discovered new exit (range 5) 17562 | -3/Research | Identified exit to Research 17607 | -3/Research | Found Prototype Processor 17607 | -3/Research | Identified Spectral Analyzer 17695 | -3/Research | Met up with Revision 17++ 17701 | -3/Research | Discovered exit to Research (range 12) 17737 | -3/Research | Build established: Wizard-Ninja 17758 | -3/Research | Learned Testing interactive machine intel 17877 | -3/Research | Learned location of 1 exit from Armory 17962 | -3/Research | Learned 8 Testing zone layouts 18012 | -3/Research | Research terminal network offline 18370 | -3/Research | Fabricated O-32 Director? 18468 | -3/Research | Fabricated P-70 Sage? 18524 | -3/Research | Spotted Striker 18525 | -3/Research | Spotted Striker 18639 | -3/Research | Fabricated P-70 Sage? 18642 | -3/Research | Found Fusion Bomb Launcher 18661 | -3/Research | Entered Testing 18661 | -3/Testing | Accompanied by 1 ally 18664 | -3/Testing | Loaded intel: 16 interactive machine locations 18812 | -3/Testing | Found Prototype Energy Cannon 18812 | -3/Testing | Identified Cld. Nova Cannon 18828 | -3/Testing | Found Prototype Energy Gun 18828 | -3/Testing | Identified Tachyon Dispersion Ray 18841 | -3/Testing | Rewired PG-RSEWYS4J8Q 19019 | -3/Testing | Found Lgt. Regenerative Plating 19032 | -3/Testing | Spotted PH-ZMMW30L56K 19147 | -3/Testing | Protovariant out of control (PH-ZMMW30L56K) 19147 | -3/Testing | Unleashed a protovariant (PH-ZMMW30L56K) 19163 | -3/Testing | P-80 Master assimilated allied Director 8b 19212 | -3/Testing | Found Prototype Hackware 19212 | -3/Testing | Identified System Mapper 19318 | -3/Testing | Entered Research 19318 | -2/Research | Evolved 2 slots: Propulsion x2 19319 | -2/Research | Identified exit to Access 19322 | -2/Research | Identified exit to Quarantine 19357 | -2/Research | Spotted B-90 Cyclops 19465 | -2/Research | Entered Quarantine 19466 | -2/Quarantine | Loaded intel: 18 terminal locations 19491 | -2/Quarantine | Found Alien Artifact 19491 | -2/Quarantine | Identified Core Reset Matrix 19491 | -2/Quarantine | Used Core Reset Matrix 19495 | -2/Quarantine | Detected hypermatrix surge 19495 | -2/Quarantine | Sensed 15 artifacts in vicinity 19627 | -2/Quarantine | Found Dimensional Node Initializer 19630 | -2/Quarantine | Found Transdimensional Reconstructor 19670 | -2/Quarantine | Found Sigix Broadsword 19838 | -2/Quarantine | Warped through subspace 19850 | -2/Quarantine | Initialized slip node 19887 | -2/Quarantine | Found Dimensional Node Initializer 19889 | -2/Quarantine | Found Dimensional Node Initializer 19921 | -2/Quarantine | Met incapacitated Sigix Warrior 19921 | -2/Quarantine | Lockdown squad dispatched 19925 | -2/Quarantine | Acquired the access code to the Sigix quarantine chamber 19963 | -2/Quarantine | Found Sigix Containment Pod 19984 | -2/Quarantine | Found Hpw. Transdimensional Reconstructor 19986 | -2/Quarantine | Found Hpw. Transdimensional Reconstructor 20053 | -2/Quarantine | Entered Access 20053 | -1/Access | Evolved 2 slots: Utility x2 20139 | -1/Access | Build established: Wizard-Mutant 20266 | -1/Access | Lost 3 parts (2u1w) 20384 | -1/Access | Lost 4 parts (2n2u) 20455 | -1/Access | Spotted B-99 Colossus 20553 | -1/Access | Search patrols dispatched 20739 | -1/Access | Spotted B-99 Colossus 20740 | -1/Access | Spotted B-99 Colossus 20772 | -1/Access | Warped through subspace 20802 | -1/Access | Lost 10 parts (1p3n4u2w) 20805 | -1/Access | Core integrity fell below 50% 20835 | -1/Access | Emitted hypermatrix ping 20836 | -1/Access | Warped through subspace 20836 | -1/Access | Spotted B-99 Colossus 20838 | -1/Access | Core integrity fell below 20% 20840 | -1/Access | Assembled emerged from beneath the floor 20898 | -1/Access | Destroyed by Y-72 Warden with Railgun Last Messages --------------- 20837_ Adv. Corruption Screen destroyed. 20839_ ALERT: Potential suspicious activity detected, Programmers report to Access Zone 6C. 20854_ Slug penetrates Wall. 20854_ Slug penetrates Recycling Unit. 20854_ Acquired Impulse Thruster Array. 20857_ Slug penetrates Wall. 20857_ Impulse Thruster Array destroyed. 20886_ Connecting with Fabricator... >>Force(Overload) EM_IMPRINTER_OVERLOAD 20886_ ALERT: Suspicious activity at Fabricator A004. Dispatching Investigation squad. 20887_ Fabricator zaps Cogmind with an electromagnetic arc. 20896_ Slug penetrates Wall. 20897_ System corrupted: Energy discharge (-28). 20897_ Slug penetrates Wall. [Achievement: I Was Wrong!] Map ----- +----------------------------------------------------+ | ???????????##########+########"##### ###### | | ????????????# *! ==w | | ????????????# ########### #####????? | | ????????????# ###/###########??# #????????? | | ????????????#??# #??# #????###+# | | ???????????????# ####### ###### | | ???????????????# !# # # #= | | ?????###???????# # + # # !! | | ????? ???????+ """ """ # # # # !! | | ????? ???????# """T""" #] = # # # !! | | ?????# #??????###############] + + #= | | ?????# #????????????????????# # # ! "#### | | ?????# # ?????u?????????????#= # # ##??? | | ?????# # ???????????????????####### # #???? | | ????## # ?????????????????????????# # #???? | | ????? ???????????##########?????# #### #???? | | ? ??? ???????????# #?#####+##+#??###???? | | ??? ???????????# #?# #????????? | | ???? ???????????# " #?# ! #????????? | | ?????# #???????????# """ #?# " #????????? | | ?????# #???????????# """ #?# """ #????????? | | ?????# #???????????# " #?# """ #????????? | | ?????# #???????????# *#?# = " #????????? | | ?????# #???????????? #?# #????????? | | ?????# #?????????????? ???# #????????? | | ###### ##????????????###@##??## ######???? | | ############## ##########+###= ]#???? | | #???? | | " #???? | | ##########+### #???? | | ### ## ##???? | | Y ## ## #????? | | ### """S""" ## #????? | | ######################## #?# """ """ ## #????? | | ???????????????????##### %### ## ###### | | ???????????????????# # ## | | ??????????????????## % # + ###### | | ??????????????????# #% ##############+####### | | ####????????????"### # #%% #?????# / | | "????????????" % #??????# # | | "????????????" #??????# "" # | | "????????????" # #??????# """ # | | "????????????" # #??????# "" # | | "????????????" ##??????# ""F" # | | "????????????" #???????# """" # | | %"????????????" ###???????# """ # | | =%"""??????????" #?????????# # | | ==%%["??????????"""" """ #?????????# # | | [*"""??????????""""T"" #?????????# # | | ####????????????"####### #?????????# # | +----------------------------------------------------+ Best States ------------- Heat Dissipation 53 Energy Generation 25 Energy Capacity 340 Matter Stores 300 Matter Capacity 300 Sight Range 24 Robot Scan Range 18 Terrain Scan Density 210 ECM Strength 1 Corruption Containment 12 Corruption Block 15 Armor Coverage 300 Resistance: TH 30 Core Shielding 20 Evasion (%) 66 Recoil Reduction 4 Offensive Hacking 46 Defensive Hacking 62 Authchip Count 2 Trap Extractor Capacity 8 Item Schematics ----------------- Exp. Biometal Heavy Treads | -2/Quarantine | Archive Stealth Drone Bay | -2/Quarantine | Archive Robot Schematics ------------------ T-07 Excavator | -2/Quarantine | Archive Fabricated ------------ A-15 Conveyor | x1 | -6/Factory | Preloaded Adv. Hacking Suite | x1 | -5/Factory | Preloaded P-70 Sage | x2 | -4/Factory O-32 Director | x1 | -3/Research | Preloaded P-70 Sage | x2 | -3/Research P-70 Sage | x2 | -3/Research Repaired ---------- Imp. Trap Scanner | 40% | -6/Factory Imp. VTOL Module | 34% | -5/Factory | Broken Imp. VTOL Module | 62% | -5/Factory Imp. VTOL Module | 32% | -4/Factory Alien Tech Used ----------------- Core Reset Matrix Transdimensional Reconstructor Dimensional Node Initializer Sigix Broadsword High-powered Transdimensional Reconstructor Achievements -------------- I Was Wrong! Treasure Hunter Challenges ------------ None Game ------ Seed ImprinterHoverAutopenetrator Manual? 0 Play Time 05:34:01 Cumulative 275.7 hours Start 2025.09.17 @ 11:03:56 End 2025.09.23 @ 14:45:27 Sessions 29 Manual Loads 0 Difficulty Rogue Special Mode None Game No. 145 Rogue 142 Adventurer 3 Explorer 0 Win Type - Total 7 Types 6/0/1/0/0/0/0/0/0/0 Lore% 75 Gallery% 71 Achievement% 62 Wizard Run 0 Options --------- Layout 1 ASCII 0 Keyboard 1 Movement Vi Keybinds 0 Fullscreen 1 Font 28/SmallcapsGlow Map View 50x43 Zoom Use 0% Tactical HUD 1 Map Filters NONE Filters NONE Steam X RUN: 713ae227-a7ab-4429-a52b-2daf49142f79